 Dungeon Crawl Stone Soup version 0.31-a0-716-gc760375 (webtiles) character file.

Game seed: 12247270867133843161

198570 Rogue the Eclecticist (level 18, -12/93 HPs)
             Began as a Spriggan Conjurer on Sept 9, 2023.
             Was a High Priest of Vehumet.
             Mangled by a juggernaut (13 damage)
             ... on level 2 of the Depths.
             The game lasted 05:33:34 (36092 turns).

Rogue the Eclecticist (Spriggan Conjurer)          Turns: 36092, Time: 05:33:35

Health: -12/93     AC:  3    Str:  3    XL:     18   Next: 21%
Magic:  20/39      EV: 21    Int: 35    God:    Vehumet [*****.]
Gold:   2501       SH:  0    Dex: 16    Spells: 1/50 levels left

rFire   + . .        a - staff of conjuration
rCold   + . .        (shield currently unavailable)
rNeg    . . .        Q - +1 robe "Meubico" {*Slow Int+8 Dex+2}
rPois   .            (helmet restricted)
rElec   .            A - scarf {repulsion}
rCorr   .            (gloves unavailable)
SInv    +            (boots unavailable)
Will    +++..        D - amulet of magic regeneration
Stlth   ++++         I - ring "Ugygimi" {rF+ rC+}
HPRegen 0.35/turn    W - ring of wizardry
MPRegen 0.66/turn

%: slow self (1%), repel missiles, wizardry (x1)
@: slowed, studying Summonings, quick
A: very small, no large weapons, unfitting armour, see invisible, speed 3
a: Renounce Religion


You were on level 2 of the Depths.
You worshipped Vehumet.
Vehumet was extremely pleased with you.
You visited 5 branches of the dungeon, and saw 27 of its levels.
You also visited: Gauntlet.

You collected 3653 gold pieces.
You spent 1152 gold pieces at shops.

Inventory:

Hand Weapons
 o - a +9 dagger of venom
 u - the +7 short sword "Uproe" {vamp, rPois Str+3 Int-2 Stlth+}
   (You found it on level 13 of the Dungeon)

   Str+3:     It affects your strength (+3).
   Int-2:     It affects your intelligence (-2).
   rPois:     It protects you from poison Stlth+: It makes you more stealthy.
 Y - the +3 greatsling "Punk" {acid, rCorr}
   (You found it in a Gauntlet)

   rCorr:     It protects you from acid and corrosion.
Missiles
 e - 5 darts of dispersal
 O - 18 curare-tipped darts (quivered)
 S - 3 atropa-tipped darts
Armour
 A - a scarf of repulsion (worn)
 E - a +2 cloak
 Q - the +1 robe "Meubico" (worn) {*Slow Int+8 Dex+2}
   (You found it on level 10 of the Dungeon)

   Int+8:     It affects your intelligence (+8).
   Dex+2:     It affects your dexterity (+2).
   *Slow:     It may slow you when you take damage.
 V - a +2 robe of cold resistance
Magical Staves
 a - a staff of conjuration (weapon)
 s - a staff of air
 T - a staff of cold
Jewellery
 h - a ring of positive energy
 k - a ring of positive energy
 l - the ring "Xaxy" {rF+ Dex+2}
   (You took it off a frost giant on level 2 of the Depths)

   [ring of protection from fire]

   Dex+2:     It affects your dexterity (+2).
   rF+:       It protects you from fire.
 x - a +4 ring of slaying
 y - a ring of protection from cold
 C - a ring of poison resistance
 D - an amulet of magic regeneration (around neck)
 I - the ring "Ugygimi" (left hand) {rF+ rC+}
   (You found it in a Gauntlet)

   [ring of protection from cold]

   rF+:       It protects you from fire.
   rC+:       It protects you from cold.
 P - a ring of resist corrosion
 W - a ring of wizardry (right hand)
 Z - an amulet of the acrobat
Wands
 w - a wand of digging (7)
 F - a wand of flame (12)
 M - a wand of polymorph (9)
 R - a wand of paralysis (28)
Scrolls
 f - 2 scrolls of silence
 g - 4 scrolls of immolation
 j - 4 scrolls of poison
 m - a scroll of fog
 p - 4 scrolls of fear
 q - 2 scrolls of vulnerability
 r - 7 scrolls of teleportation
 B - 4 scrolls of revelation
 G - a scroll of butterflies
 N - 5 scrolls of blinking
Potions
 b - 4 potions of magic
 c - 4 potions of invisibility
 d - 2 potions of berserk rage
 n - 2 potions of brilliance
 t - 6 potions of heal wounds
 v - 4 potions of haste
 z - 9 potions of curing
 H - 3 potions of resistance
 J - 3 potions of enlightenment
 K - 2 potions of ambrosia
 U - 3 potions of might
 X - 3 potions of cancellation
Miscellaneous
 i - a phantom mirror


   Skills:
 + Level 9.7 Fighting
 + Level 5.9 Short Blades
 + Level 1.5 Ranged Weapons
 + Level 2.7 Throwing
 + Level 7.1 Armour
 + Level 7.3 Dodging
 + Level 9.7 Stealth
 - Level 16.5 Spellcasting
 + Level 11.4 Conjurations
 + Level 8.1 Hexes
 + Level 7.1 Necromancy
 + Level 13.0 Translocations
 + Level 4.0 Fire Magic
 + Level 5.3 Ice Magic
 * Level 10.2 Air Magic
 - Level 4.0 Earth Magic
 + Level 5.0 Poison Magic
 + Level 10.3 Evocations


You had one spell level left.
You knew the following spells:

 Your Spells              Type           Power      Damage    Failure   Level
a - Plasma Beam           Fire/Air       34%        2x1d47    1%          6
b - Maxwell's Capacitive  Air            39%        ∞         13%         8
c - Iskenderun's Mystic   Conj/Tloc      100%       2d19      1%          4
d - Mephitic Cloud        Conj/Pois/Air  95%        N/A       1%          3
e - Freezing Cloud        Conj/Ice/Air   47%        6-21      1%          5
f - Airstrike             Air            39%        2d(6-22)  1%          4
h - Lee's Rapid Deconstr  Erth           27%        3d15*     1%          5
i - Anguish               Hex/Necr       35%        N/A       1%          4
j - Leda's Unmaking       Conj/Erth      45%        9d8       1%          6
k - Passage of Golubria   Tloc           88%        N/A       1%          4

Your spell library contained the following spells:

 Spells                   Type           Power      Damage    Failure   Level
 Magic Dart               Conj           100%       1d8       0%          1
 Shock                    Conj/Air       100%       1d9       0%          1
 Freeze                   Ice            100%       1d10      1%          1
 Necrotise                Necr           100%       1d9       1%          1
 Searing Ray              Conj           100%       2d8       0%          2
 Static Discharge         Conj/Air       100%       2-7/arc   0%          2
 Gell's Gravitas          Tloc           88%        N/A       0%          3
 Teleport Other           Tloc           88%        N/A       0%          3
 Ensorcelled Hibernation  Hex/Ice        100%       N/A       1%          2
 Jinxbite                 Hex            100%       N/A       1%          2
 Poisonous Vapours        Pois/Air       100%       N/A       1%          2
 Sublimation of Blood     Necr           68%        N/A       1%          2
 Dazzling Flash           Conj/Hex       100%       N/A       1%          3
 Frozen Ramparts          Ice            100%       1d16      1%          3
 Hailstorm                Conj/Ice       93%        3d18      1%          3
 Swiftness                Air            79%        N/A       1%          3
 Vampiric Draining        Necr           68%        2d10      1%          3
 Fulminant Prism          Conj/Hex       49%        3d21      1%          4
 Olgreb's Toxic Radiance  Pois           59%        N/A       1%          4
 Summon Ice Beast         Ice/Summ       47%        N/A       1%          4
 Agony                    Necr           68%        N/A       1%          5
 Irradiate                Conj/Tmut      40%        3d25      1%          5
 Silence                  Hex/Air        37%        N/A       1%          5
 Conjure Ball Lightning   Conj/Air       51%        3x3d18    1%          6
 Dispersal                Tloc           44%        N/A       1%          6
 Petrify                  Tmut/Erth      43%        N/A       2%          4
 Simulacrum               Ice/Necr       32%        N/A       6%          6
 Lehudib's Crystal Spear  Conj/Erth      45%        10d11     32%         8
 Death's Door             Necr           34%        N/A       100%        9


Dungeon Overview and Level Annotations

Branches:
Dungeon (15/15)            Temple (1/1) D:4            Lair (5/5) D:11
 Shoals (0/4) Lair:3       Spider (0/4) Lair:2        Slime (0/5) Lair:5
    Orc (2/2) D:10            Elf (0/3) Orc:2        Vaults (0/5) D:14
 Depths (4/4) D:15        Gauntlet (visited)
    Zot: Depths:4

Altars:
Ashenzari
Cheibriados
Dithmenos
Elyvilon
Fedhas
Gozag
Hepliaklqana
Kikubaaqudgha
Makhleb
Nemelex Xobeh
Okawaru
Qazlal
Ru
Sif Muna
Trog
Uskayaw
Vehumet
Wu Jian
Xom
Yredelemnul
Zin
The Shining One

Shops:
D:1 !!   D:8 *   D:13 :   Orc:1 ((   Orc:2 =*[(   Depths:3 *

Portals:
Hell: Depths:1 Depths:2
Abyss: Depths:3 Depths:4
Pandemonium: Depths:1 Depths:2
Ziggurat: Depths:4

Annotations:
D:8 2 transporters, Toastz's ghost, novice GrBe
D:9 1 runed translucent door, Rogue's ghost, journeyman SpCj


Innate Abilities, Weirdness & Mutations

You are very small and have problems with some larger weapons.
You are too small for most types of armour.
You have supernaturally acute eyesight. (SInv)
You cover ground extremely quickly. (Speed+++)


Message History

Confirm with . or Enter, or press ? or * to list all spells.
Casting: Plasma Beam (dangerous; 1% risk of failure)
Press: ? - help, Dir - look around, f - activate The bolt of lightning hits the juggernaut but does no damage.
The juggernaut is lightly wounded.
You hear a sizzling sound!
The juggernaut is engulfed in freezing vapours.
Unknown command.
Casting: Plasma Beam (dangerous; 1% risk of failure)
Confirm with . or Enter, or press ? or * to list all spells.
Aiming: Leda's Unmaking (dangerous; 1% risk of failure)
Press: ? - help, Shift-Dir - straight line, f - juggernaut
Aim: a juggernaut (lightly wounded, 92% to hit)
You feel a surge of power!
The entropic shot hits the juggernaut!!!
The juggernaut is moderately wounded.
Casting: Leda's Unmaking (dangerous; 1% risk of failure)
Confirm with . or Enter, or press ? or * to list all spells.
Aiming: Leda's Unmaking (dangerous; 1% risk of failure)
Press: ? - help, Shift-Dir - straight line, f/p - juggernaut
Aim: a juggernaut (moderately wounded, 92% to hit)
You feel a surge of power!
The entropic shot hits the juggernaut!!
The juggernaut is heavily wounded.
Casting: Leda's Unmaking (dangerous; 1% risk of failure)
Confirm with . or Enter, or press ? or * to list all spells.
Aiming: Leda's Unmaking (dangerous; 1% risk of failure)
Press: ? - help, Shift-Dir - straight line, f/p - juggernaut
Aim: a juggernaut (heavily wounded, 92% to hit)
You feel a surge of power!
The entropic shot misses the juggernaut.
The juggernaut hits you!!
You feel yourself slow down. The juggernaut closely misses you.
There is an open door here.
You see here a +0 scale mail.
There is an open door here.
The juggernaut hits you!!!
Ouch! That really hurt!
* * * LOW HITPOINT WARNING * * *
The juggernaut hits you!
You die...

......'.#........#........##....#
#######.##.......#.....#...##''##
#.'...#..'..)..####..............
..#...#..#...###..#.......'...C..
####..'.##'###....##......####'##
#'##.#>...##....#....###..>[.#
#..#.#.....#....##...#........
#'####.....)).<..#...#........
#....#'#####.@...######.......
#..###>....'.C[.......#.......
#.##.#...####'#....##'###.....
###..##.##....##.###....#.....
#.....###[[[.[.###......'..... ##
##.....#........#....#######.. .#
##....'........#....#........ .#
#..###.......##....#......). .###
#..#...............#........


You could see a juggernaut.

Vanquished Creatures
  A juggernaut (Depths:3)
  Saint Roka (Orc:2)
  A caustic shrike (Depths:2)
  2 liches
  Jorgrun (D:13)
  A walking crystal tome (Depths:3)
  2 titans (Depths:3)
  3 sphinxes
  6 fire giants
  An azure jelly (Lair:4)
  6 frost giants
  2 spriggan defenders
  2 very ugly things (Depths:1)
  An ironbound thunderhulk (D:14)
  A quicksilver ooze (shapeshifter) (Depths:2)
  10 stone giants
  Nessos (Orc:2)
  A minotaur (Gauntlet)
  2 spark wasps
  A green death (Gauntlet)
  8 ettins
  Snorg (Lair:4)
  9 fire dragons
  3 jiangshi (Depths:4)
  3 ice dragons
  Fannar (Lair:2)
  A vault guard (D:14)
  11 hydras
  A hell beast (Depths:1)
  3 rakshasas
  3 catoblepae
  2 spriggan air magi
  Erica (D:10)
  4 centaur warriors
  2 death knights
  5 two-headed ogres
  2 boulder beetles
  A death yak (shapeshifter) (Depths:3)
  8 death yaks
  A vampire mage (Depths:4)
  5 deep troll shamans
  7 deep troll earth magi
  2 orc high priests (Orc:2)
  7 tengu warriors
  2 spriggan berserkers
  Urug (Lair:2)
  29 hell knights
  3 skysharks
  7 skeletal warriors
  9 iron trolls
  2 goliath frogs (Lair:5)
  Lodul (D:11)
  11 deep trolls
  A glowing orange brain (Depths:2)
  An orb spider (Lair:2)
  2 flayed ghosts
  3 necromancers
  A wizard (D:14)
  A deep elf pyromancer (D:13)
  A phantasmal warrior (D:13)
  6 orc knights
  A deep elf zephyrmancer (D:13)
  6 orc sorcerers
  A lindwurm (Lair:4)
  An oklob plant (D:13)
  7 cyclopes
  A moth of wrath (shapeshifter) (Depths:3)
  11 manticores
  2 moths of wrath (Gauntlet)
  A fire giant skeleton (D:15)
  A fire giant zombie (D:15)
  8 ugly things
  13 elephants
  3 torpor snails
  2 black mambas (Lair:5)
  19 cane toads
  A gargoyle (D:13)
  A freezing wraith (D:14)
  3 rime drakes
  3 unseen horrors (D:11)
  13 komodo dragons
  A tengu conjurer (Depths:1)
  2 efreet
  3 polar bears
  4 trolls
  2 merfolk (Lair:3)
  2 hornets
  2 tyrant leeches (Lair:5)
  16 dream sheep
  27 blink frogs
  A jumping spider (shapeshifter) (D:13)
  A culicivora (shapeshifter) (D:13)
  11 slime creatures
  A spriggan (Lair:3)
  A yak (shapeshifter) (D:14)
  3 shadows
  2 spriggan skeletons (D:15)
  4 wyverns
  3 wraiths
  64 yaks
  4 steam dragons
  4 redbacks (Gauntlet)
  A basilisk (shapeshifter) (Depths:3)
  3 basilisks
  13 vampire mosquitoes
  4 wargs
  An acid dragon (D:11)
  20 water moccasins
  3 hell hounds (Depths:1)
  6 black bears
  23 orc warriors
  17 ogres
  19 wolves
  11 centaurs
  3 phantoms
  7 kobold brigands
  18 bullfrogs
  6 scorpions
  3 wights (D:9)
  5 killer bees (D:9)
  2 howler monkeys (D:12)
  3 electric eels
  5 hounds
  11 jellies
  Crazy Yiuf (D:5)
  23 orc priests
  A gnoll bouda (D:9)
  A sleepcap (D:6)
  An iguana (D:4)
  19 orc wizards
  9 hell rats
  8 gnolls
  11 adders
  A shadow imp (D:5)
  4 white imps
  3 ufetubi
  A worm (D:3)
  6 dart slugs
  73 orcs
  6 ball pythons
  16 endoplasms
  5 giant cockroaches
  6 goblins
  9 hobgoblins
  6 jackals
  3 quokkas
  7 bats
  3 frilled lizards
  35 kobolds
916 creatures vanquished.

Vanquished Creatures (others)
  A lich (Depths:3)
  3 gnolls (D:9)
  A quokka (D:5)
5 creatures vanquished.

Grand Total: 921 creatures vanquished

Notes
Turn   | Place    | Note
-------+----------+-------------------------------------------
     0 | D:1      | Rogue the Spriggan Conjurer began the quest for the Orb.
     0 | D:1      | Reached XP level 1. HP: 9/9 MP: 5/5
   238 | D:1      | Reached XP level 2. HP: 13/13 MP: 4/6
   593 | D:1      | Found Moigonly's Distillery.
   751 | D:1      | Found Doyg's Distillery.
  1007 | D:1      | Bought a potion of brilliance for 44 gold pieces
  1051 | D:2      | Reached XP level 3. HP: 16/16 MP: 5/8
  1055 | D:2      | Learned a level 3 spell: Dazzling Flash
  1472 | D:2      | Reached skill level 3 in Spellcasting
  2193 | D:3      | Reached XP level 4. HP: 18/21 MP: 7/10
  2580 | D:3      | Reached skill level 1 in Hexes
  2835 | D:3      | Reached skill level 4 in Spellcasting
  2957 | D:1      | Bought a potion of heal wounds for 55 gold pieces
  3099 | D:4      | Reached XP level 5. HP: 24/24 MP: 7/12
  3104 | D:4      | Learned a level 4 spell: Iskenderun's Mystic Blast
  3191 | D:4      | Found an ancient bone altar of Kikubaaqudgha.
  3223 | D:4      | Noticed a black bear
  3380 | D:4      | Killed a black bear
  3381 | D:4      | Reached skill level 1 in Translocations
  3381 | D:4      | Reached XP level 6. HP: 28/28 MP: 3/13
  3525 | D:4      | Found a shimmering blue altar of Sif Muna.
  4047 | D:4      | Identified the +6 sling "Ysmaruti" {antimagic, rN++}
  4329 | D:4      | Found a staircase to the Ecumenical Temple.
  4340 | Temple   | Entered the Ecumenical Temple
  4363 | Temple   | Became a worshipper of Vehumet
  4465 | D:4      | Reached skill level 5 in Stealth
  4572 | D:4      | Noticed a steam dragon
  4600 | D:4      | Reached skill level 1 in Short Blades
  4600 | D:4      | Reached XP level 7. HP: 32/32 MP: 7/14
  4682 | D:1      | Bought 2 potions of curing for 84 gold pieces
  4736 | D:5      | Entered Level 5 of the Dungeon
  5170 | D:4      | Killed a steam dragon
  5171 | D:4      | Reached skill level 5 in Conjurations
  5579 | D:5      | Found a white marble altar of Elyvilon.
  5769 | D:5      | Reached skill level 1 in Fighting
  5769 | D:5      | Reached XP level 8. HP: 30/37 MP: 4/15
  5950 | D:5      | Reached skill level 5 in Translocations
  6669 | D:5      | Found a runed translucent door.
  6670 | D:5      | Noticed Crazy Yiuf
  6677 | D:5      | Killed Crazy Yiuf
  6937 | D:6      | Found a sparkling altar of Nemelex Xobeh.
  6966 | D:6      | Reached * piety under Vehumet
  6966 | D:6      | Offered knowledge of Sandblast by Vehumet.
  6995 | D:6      | Reached skill level 5 in Hexes
  7337 | D:6      | Reached XP level 9. HP: 36/42 MP: 9/16
  7393 | D:6      | Found a glowing golden altar of the Shining One.
  7589 | D:6      | Found a stormy altar of Qazlal.
  7660 | D:6      | Found a shadowy altar of Dithmenos.
  8413 | D:7      | Reached skill level 5 in Dodging
  8736 | D:8      | Found a burning altar of Makhleb.
  8757 | D:8      | Found Hovvu's Lightly-Used Armoury.
  8998 | D:8      | Found a transporter.
  9000 | D:8      | Noticed Toastz's ghost (novice GrBe)
  9000 | D:8      | Noticed a moth of wrath
  9047 | D:8      | Found a transporter.
  9273 | D:8      | Reached skill level 1 in Evocations
  9806 | D:9      | Reached XP level 10. HP: 47/47 MP: 6/17
  9934 | D:9      | Offered knowledge of Foxfire by Vehumet.
  9947 | D:9      | Reached ** piety under Vehumet
 10190 | D:9      | Found a runed translucent door.
 10191 | D:9      | Noticed a five-headed hydra
 10193 | D:9      | Noticed Rogue's ghost (journeyman SpCj)
 11091 | D:10     | Entered Level 10 of the Dungeon
 11100 | D:10     | Found a broken altar of Ashenzari.
 11157 | D:10     | Noticed a two-headed ogre
 11203 | D:10     | Killed a two-headed ogre
 11204 | D:10     | Reached skill level 1 in Throwing
 11467 | D:10     | Offered knowledge of Static Discharge by Vehumet.
 11471 | D:10     | Learned a level 2 spell: Static Discharge
 11671 | D:10     | Noticed Erica
 11689 | D:10     | Killed Erica
 11771 | D:10     | Identified the +1 robe "Meubico" {*Slow Int+8 Dex+2}
 11774 | D:10     | Reached *** piety under Vehumet
 11800 | D:10     | Found a shimmering altar of Xom.
 11967 | D:10     | Reached skill level 5 in Evocations
 11974 | D:10     | Reached XP level 11. HP: 18/51 MP: 6/18
 12147 | D:10     | Learned a level 3 spell: Mephitic Cloud
 12153 | D:10     | Learned a level 5 spell: Freezing Cloud
 12278 | D:10     | Found a staircase to the Orcish Mines.
 12278 | D:10     | Noticed a two-headed ogre
 12288 | D:10     | Killed a two-headed ogre
 12365 | D:11     | Reached skill level 5 in Short Blades
 12395 | D:11     | Reached skill level 10 in Translocations
 12444 | D:11     | Noticed a two-headed ogre
 12452 | D:11     | Killed a two-headed ogre
 12503 | D:11     | Reached skill level 1 in Air Magic
 12709 | D:11     | Reached skill level 5 in Spellcasting
 12713 | D:11     | Offered knowledge of Volatile Blastmotes by Vehumet.
 12791 | D:11     | Upgraded the game from 0.31-a0-705-ga145531 to
                  | 0.31-a0-706-g405de50
 12791 | D:11     | Noticed Lodul
 12856 | D:11     | Killed Lodul
 12879 | D:11     | Learned a level 4 spell: Airstrike
 12920 | D:11     | Noticed a death yak
 12935 | D:11     | Noticed a death yak
 12935 | D:11     | Noticed a death yak
 12936 | D:11     | Killed a death yak
 12940 | D:11     | Reached skill level 6 in Spellcasting
 12947 | D:11     | Killed a death yak
 12956 | D:11     | Killed a death yak
 12957 | D:11     | Reached skill level 1 in Poison Magic
 13207 | D:11     | Found a staircase to the Lair.
 13262 | D:11     | Noticed a two-headed ogre
 13274 | D:11     | Reached **** piety under Vehumet
 13276 | D:11     | Killed a two-headed ogre
 13277 | D:11     | Reached skill level 1 in Ice Magic
 13277 | D:11     | Reached XP level 12. HP: 45/57 MP: 23/23
 13803 | D:12     | Reached skill level 7 in Spellcasting
 13825 | D:12     | Noticed a two-headed ogre
 13829 | D:12     | Offered knowledge of Olgreb's Toxic Radiance by Vehumet.
 13835 | D:12     | Killed a two-headed ogre
 14548 | Lair:1   | Entered Level 1 of the Lair of Beasts
 14595 | Lair:1   | Reached skill level 8 in Spellcasting
 15181 | Lair:1   | Noticed a catoblepas
 15195 | Lair:1   | Killed a catoblepas
 15238 | Lair:1   | Noticed a death yak
 15262 | Lair:1   | Killed a death yak
 15737 | Lair:1   | Learned a level 4 spell: Olgreb's Toxic Radiance
 15774 | Lair:2   | Noticed Fannar
 15786 | Lair:2   | Killed Fannar
 15787 | Lair:2   | Reached skill level 10 in Evocations
 15787 | Lair:2   | Reached XP level 13. HP: 63/63 MP: 8/26
 15791 | Lair:2   | Reached skill level 9 in Spellcasting
 15905 | Lair:2   | Reached skill level 5 in Fighting
 15950 | Lair:2   | Found a hole to the Spider Nest.
 16282 | Lair:2   | Noticed Urug
 16293 | Lair:2   | Killed Urug
 16401 | Lair:2   | Reached ***** piety under Vehumet
 16873 | Lair:3   | Reached skill level 10 in Spellcasting
 16927 | Lair:3   | Found a hazy altar of Hepliaklqana.
 17095 | Lair:3   | Found a staircase to the Shoals.
 17120 | Lair:3   | Offered knowledge of Lee's Rapid Deconstruction by Vehumet.
 17127 | Lair:3   | Learned a level 5 spell: Lee's Rapid Deconstruction
 17593 | Lair:3   | Reached skill level 5 in Air Magic
 17659 | Lair:3   | Reached skill level 11 in Spellcasting
 18120 | Lair:4   | Noticed Snorg
 18129 | Lair:4   | Killed Snorg
 18130 | Lair:4   | Reached skill level 1 in Armour
 18322 | Lair:4   | Noticed an azure jelly
 18733 | Lair:4   | Reached XP level 14. HP: 62/70 MP: 4/30
 18835 | Lair:4   | Found a stormy altar of Qazlal.
 19139 | Lair:4   | Killed an azure jelly
 19140 | Lair:4   | Reached skill level 12 in Spellcasting
 19545 | Lair:5   | Entered Level 5 of the Lair of Beasts
 19561 | Lair:5   | Offered knowledge of Fireball by Vehumet.
 19580 | Lair:5   | Reached skill level 1 in Earth Magic
 20259 | Lair:5   | Found a staircase to the Slime Pits.
 20315 | Lair:5   | Reached skill level 10 in Conjurations
 20538 | Lair:5   | Identified the +10 shadow dragon scales "Ycwiteoz" {rElec
                  | rF+ Stlth++++}
 21232 | Orc:1    | Entered Level 1 of the Orcish Mines
 21343 | Orc:1    | Reached skill level 13 in Spellcasting
 21358 | Orc:1    | Found Ofawk's Weapon Shop.
 21359 | Orc:1    | Offered knowledge of Iskenderun's Battlesphere by Vehumet.
 21564 | Orc:2    | Entered Level 2 of the Orcish Mines
 21673 | Orc:2    | Learned a level 4 spell: Anguish
 21849 | Orc:2    | Reached skill level 1 in Necromancy
 21856 | Orc:2    | Noticed Saint Roka
 22101 | Orc:2    | Found a staircase to the Elven Halls.
 22161 | Orc:2    | Noticed Nessos
 22163 | Orc:2    | Reached XP level 15. HP: 75/75 MP: 28/33
 22166 | Orc:2    | Killed Nessos
 23280 | Orc:2    | Killed Saint Roka
 23292 | Orc:2    | Found Xawk's Antique Armour Boutique.
 23307 | Orc:2    | Found Tojocicame's Antique Weapon Boutique.
 23348 | Orc:2    | Found Tawniud's Jewellery Boutique.
 23364 | Orc:2    | Found Paseosh's General Store.
 23455 | Orc:1    | Offered knowledge of Leda's Unmaking by Vehumet.
 23658 | Orc:1    | Found Kischare's Antique Weapon Shoppe.
 23938 | D:1      | Bought a potion of heal wounds for 70 gold pieces
 23938 | D:1      | Bought a potion of magic for 112 gold pieces
 23938 | D:1      | Bought a potion of cancellation for 112 gold pieces
 23938 | D:1      | Bought a potion of magic for 112 gold pieces
 24001 | D:1      | Bought a potion of haste for 110 gold pieces
 24001 | D:1      | Bought a potion of heal wounds for 55 gold pieces
 24001 | D:1      | Bought a potion of haste for 110 gold pieces
 24246 | D:12     | Learned a level 6 spell: Leda's Unmaking
 24691 | D:13     | Identified the +7 short sword "Uproe" {vamp, rPois Str+3
                  | Int-2 Stlth+}
 25273 | D:13     | Upgraded the game from 0.31-a0-706-g405de50 to
                  | 0.31-a0-708-gbb17821
 25633 | D:13     | Found Tiesch's Book Emporium.
 25813 | D:13     | Noticed Jorgrun
 25820 | D:13     | Killed Jorgrun
 25821 | D:13     | Reached skill level 5 in Armour
 26156 | D:14     | Found a gate leading to a gauntlet.
 26184 | Gauntlet | Entered a Gauntlet
 26184 | Gauntlet | Found the +3 greatsling "Punk" {acid, rCorr}
 26184 | Gauntlet | Found a large runed translucent door.
 26184 | Gauntlet | Found a large runed translucent door.
 26184 | Gauntlet | Found a large runed translucent door.
 26184 | Gauntlet | Found a large runed translucent door.
 26184 | Gauntlet | Found a large runed translucent door.
 26184 | Gauntlet | Found a large runed translucent door.
 26184 | Gauntlet | Found a large runed translucent door.
 26184 | Gauntlet | Found a large runed translucent door.
 26184 | Gauntlet | Found a runed translucent door.
 26184 | Gauntlet | Found a runed translucent gate.
 26184 | Gauntlet | Found a transporter.
 26184 | Gauntlet | Found a transporter.
 26184 | Gauntlet | Found a runed translucent gate.
 26184 | Gauntlet | Found a transporter.
 26303 | Gauntlet | Found a transporter.
 26303 | Gauntlet | Found a transporter.
 26303 | Gauntlet | Found a transporter.
 26304 | Gauntlet | Found a runed translucent gate.
 26304 | Gauntlet | Found a runed translucent door.
 26308 | Gauntlet | Found a large runed translucent door.
 26308 | Gauntlet | Found a large runed translucent door.
 26317 | Gauntlet | Found a transporter.
 26317 | Gauntlet | Found a transporter.
 26327 | Gauntlet | Found a transporter.
 26373 | Gauntlet | Found a large runed translucent door.
 26373 | Gauntlet | Found a large runed translucent door.
 26376 | Gauntlet | Found a large runed translucent door.
 26376 | Gauntlet | Found a large runed translucent door.
 26377 | Gauntlet | Found a large runed translucent door.
 26378 | Gauntlet | Found a large runed translucent door.
 26430 | Gauntlet | Found a transporter.
 26432 | Gauntlet | Found a transporter.
 26442 | Gauntlet | Found a transporter.
 26636 | Gauntlet | Identified the ring "Ugygimi" {rF+ rC+}
 26781 | Gauntlet | Got the Parchment of a Billion Songs
 26909 | D:14     | Offered knowledge of Arcjolt by Vehumet.
 27049 | D:14     | Reached skill level 14 in Spellcasting
 27139 | D:14     | Reached ****** piety under Vehumet
 27526 | D:14     | Found a gate to the Vaults.
 27845 | D:15     | Entered Level 15 of the Dungeon
 28045 | D:15     | Found a staircase to the Depths.
 28300 | D:15     | Reached XP level 16. HP: 82/82 MP: 25/35
 28926 | Depths:1 | Entered Level 1 of the Depths
 29077 | Depths:1 | Learned a level 4 spell: Passage of Golubria
 29299 | Depths:1 | Noticed a sphinx
 29299 | Depths:1 | Noticed a sphinx
 29306 | Depths:1 | Killed a sphinx
 29306 | Depths:1 | Killed a sphinx
 29307 | Depths:1 | Reached skill level 15 in Spellcasting
 29307 | Depths:1 | Reached skill level 5 in Necromancy
 29307 | Depths:1 | Reached skill level 5 in Ice Magic
 29308 | Depths:1 | Offered knowledge of Plasma Beam by Vehumet.
 29692 | Depths:1 | Found the +8 longbow "Zephyr" {speed, Dex+3 SInv}
 29694 | Depths:1 | Noticed a caustic shrike
 29897 | Depths:1 | Reached skill level 1 in Ranged Weapons
 29993 | Depths:1 | Identified the +5 great mace of Beogh's Condemnation
                  | {freeze, MP+9}
 29996 | Depths:1 | Identified the +1 flail "Ysmel" {flame, rElec Str+2}
 30156 | D:11     | Learned a level 6 spell: Plasma Beam
 30439 | Depths:1 | Found a gateway to Hell.
 30574 | Depths:1 | Found a one-way gate leading to the halls of Pandemonium.
 30680 | Depths:2 | Reached skill level 5 in Poison Magic
 30986 | Depths:2 | Upgraded the game from 0.31-a0-708-gbb17821 to
                  | 0.31-a0-714-g975ee84
 31006 | Depths:2 | HP: 2/84 [deep troll (7)]
 31373 | Depths:1 | Reached skill level 1 in Fire Magic
 31411 | Depths:2 | Reached XP level 17. HP: 63/88 MP: 32/37
 31626 | Depths:2 | Identified the ring "Xaxy" {rF+ Dex+2}
 31960 | Depths:2 | Killed a caustic shrike
 31961 | Depths:2 | Reached skill level 16 in Spellcasting
 32907 | Depths:3 | Noticed a titan
 32915 | Depths:3 | Killed a titan
 33594 | Depths:3 | Offered knowledge of Maxwell's Capacitive Coupling by
                  | Vehumet.
 33651 | Depths:3 | Noticed a juggernaut
 33793 | Depths:3 | Found Desh's Assorted Antiques.
 33796 | Depths:3 | You fall into a shaft and drop 1 floor!
 33796 | Depths:4 | Entered Level 4 of the Depths
 33844 | Depths:3 | Bought a scroll of teleportation for 144 gold pieces
 33844 | Depths:3 | Bought a potion of curing for 144 gold pieces
 33854 | Depths:3 | Noticed a lich
 33863 | Depths:3 | Killed a lich
 33900 | Depths:3 | Noticed a walking crystal tome
 33995 | Depths:3 | Killed a walking crystal tome
 34141 | D:11     | Learned a level 8 spell: Maxwell's Capacitive Coupling
 34617 | Depths:3 | Noticed a lich
 34619 | Depths:3 | Killed a lich
 34619 | Depths:3 | Noticed a juggernaut
 34635 | Depths:3 | Killed a juggernaut
 34791 | Depths:3 | Noticed a quicksilver dragon
 34802 | Depths:3 | Upgraded the game from 0.31-a0-714-g975ee84 to
                  | 0.31-a0-716-gc760375
 34828 | Depths:3 | Noticed a titan
 34928 | Depths:3 | Noticed a sphinx
 35089 | Depths:4 | Found a one-way gate to the infinite horrors of the Abyss.
 35185 | Depths:4 | Reached XP level 18. HP: 88/93 MP: 24/39
 35194 | Depths:4 | Noticed a lich
 35199 | Depths:4 | Killed a lich
 35377 | Depths:4 | Reached skill level 10 in Air Magic
 35654 | Depths:4 | Found a one-way gateway to a ziggurat.
 36092 | Depths:2 | HP: 1/93 [juggernaut (55)]
 36092 | Depths:2 | Mangled by a juggernaut

Illustrated notes

Levels and vault maps discovered:
D:1:      minmay_arrival_three_doors, layout_basic, serial_shops, shop,
          nicolae_shop_industrial_runoff, chequers_hall_statues_wall_a,
          minmay_pentomino_p2
D:2:      layout_basic, serial_park_tiny_2, kennysheep_generic_room_4
D:3:      layout_loops_ring, nicolae_half_adder
D:4:      layout_basic, led_sif_pool, nicolae_kikubaaqudgha_miasma_corner,
          temple_hall, minmay_divided_ellipse
D:5:      layout_cave_pods, elyvilon_altar_4, serial_column_ruins,
          column_ruins_hut_pillars, column_ruins_grid_4, column_ruins_grid_1,
          column_ruins_open_tiny, column_ruins_open_tiny,
          uniq_crazy_yiuf_cottage
D:6:      layout_loops_ring, nicolae_dithmenos_through_a_glass_darkly,
          nemelex_spade_bored_becter, nicolae_qazlal_style_of_elements,
          tso_oasis_becter
D:7:      layout_cave_pools
D:8:      layout_loops_ring, bloody_makhleb, gammafunk_ghost_berserking_beasts,
          minmay_shop_damaged, nrook_mini_vaults
D:9:      layout_basic, ebering_ghost_inner_flame
D:10:     layout_gridville, nicolae_ashenzari_panopticon, tgw_xom, uniq_erica
D:11:     layout_basic, dpeg_lair_monsters, minivault_27, nicolae_benzene_ring,
          uniq_lodul
D:12:     layout_long_grid
D:13:     lemuel_slime, layout_loops_ring, serial_shops, shop, minivault_25_ag,
          uniq_jorgrun
D:14:     layout_long_grid, hellmonk_vaults_keyhole, gauntlet_entry_generic,
          lightli_minifort
D:15:     gammafunk_depths_entry_grave, layout_basic, small_statue_intersection,
          minmay_unpleasant_kobolds
Temple:   chequers_temple_sunken
Lair:1:   layout_loops_ring
Lair:2:   layout_cave_pods, nicolae_spider_entry_orb_guardian,
          grunt_megastairs_5, uniq_fannar, uniq_urug
Lair:3:   layout_cave_pods, elwin_shoals_entry_rooms, basic_altar,
          forest_entry_grove, lemuel_fruit_fields, serial_bayou_shore_a
Lair:4:   layout_cave_pods, basic_altar, nicolae_lair_time_for_slime, uniq_snorg
Lair:5:   minmay_lair_end_frog_pond, layout_loops_ring, dpeg_slime_entry_corner,
          infiniplex_staircase_pool
Orc:1:    layout_caves, serial_shops, nicolae_shop_crystal, nicolae_square_shop
Orc:2:    grunt_orc_cross, layout_caves, uniq_nessos
Depths:1: layout_roguey [special_room_mythical_zoo], grunt_metal_band,
          corexii_corridor_pit, pan_entry, minmay_checkered_concentric_circles,
          infiniplex_staircase_pool_lava
Depths:2: kennysheep_blocky_room, layout_honeycomb, hell_entry,
          rand_demon_pan_entry_5
Depths:3: minmay_the_grid_triangle_9x9_rhombus_thin_mashed
          [minmay_the_grid_triangle_9x9_skeleton,
          minmay_the_grid_triangle_9x9_prize_schism,
          minmay_the_grid_triangle_9x9_flanged_cone,
          minmay_the_grid_triangle_9x9_warning], layout_gridlike, serial_shops,
          shop, interstate_on_off, abyss_entry_small_statue_room,
          grunt_hell_entry_dis_old, minmay_swirly_circle,
          infiniplex_staircase_pillars_2
Depths:4: grunt_zot_entry_bicorn, layout_gridville, enter_ziggurat_a,
          hell_entry, hangedman_abyss_entry_splay, good_gods_temple_1

Skill      XL: |  1  2  3  4  5  6  7  8  9 10 11 12 13 14 15 16 17 18 |
---------------+-------------------------------------------------------+-----
Conjurations   | 3 4 5 6 8 9 10 11 | 11.4
Spellcasting   | 3 4 6 8 11 13 14 15 16 | 16.5
Dodging        | 3 4 6 7 |  7.3
Hexes          | 1 2 3 5 7 8 |  8.1
Translocations | 1 3 4 6 8 9 10 11 12 13 | 13.0
Stealth        | 5 6 7 8 9 |  9.7
Short Blades   | 1 2 3 4 5 |  5.9
Fighting       | 1 2 3 4 6 7 8 9 |  9.7
Evocations     | 2 5 8 10 | 10.3
Throwing       | 2 |  2.7
Air Magic      | 2 4 5 6 9 10 | 10.2
Poison Magic   | 1 2 4 5 |  5.0
Ice Magic      | 1 2 3 4 5 |  5.3
Armour         | 1 4 5 6 7 |  7.1
Earth Magic    | 1 4 |  4.0
Necromancy     | 1 4 6 7 |  7.1
Ranged Weapons | 1 |  1.5
Fire Magic     | 1 3 4 |  4.0

Action                     |  1- 3 |  4- 6 |  7- 9 | 10-12 | 13-15 | 16-18 || total
---------------------------+-------+-------+-------+-------+-------+-------++-------
  Melee: Unarmed           |     6 |       |       |       |       |       ||     6
         Dagger            |     5 |    41 |   144 |   127 |    11 |     8 ||   336
         Punch             |       |     1 |     1 |     4 |       |       ||     6
         Staff             |       |       |       |       |     6 |       ||     6
         Short sword       |       |       |       |       |    11 |       ||    11
   Fire: Sling             |       |       |     5 |       |       |       ||     5
         Greatsling        |       |       |       |       |       |    27 ||    27
  Throw: Dart              |       |       |     2 |    16 |     2 |     1 ||    21
   Cast: Magic Dart        |    61 |   109 |   149 |       |       |       ||   319
         Dazzling Flash    |       |     9 |    62 |    31 |       |       ||   102
         Iskenderun's Myst |       |       |    22 |   107 |   184 |    96 ||   409
         Static Discharge  |       |       |       |     9 |     8 |       ||    17
         Freezing Cloud    |       |       |       |    40 |   259 |    89 ||   388
         Mephitic Cloud    |       |       |       |    28 |    20 |    11 ||    59
         Airstrike         |       |       |       |     2 |    22 |     4 ||    28
         Olgreb's Toxic Ra |       |       |       |     1 |    55 |     6 ||    62
         Lee's Rapid Decon |       |       |       |       |    62 |    11 ||    73
         Anguish           |       |       |       |       |     5 |     1 ||     6
         Leda's Unmaking   |       |       |       |       |    47 |   143 ||   190
         Plasma Beam       |       |       |       |       |       |   101 ||   101
         Maxwell's Capacit |       |       |       |       |       |     1 ||     1
  Evoke: Wand              |       |       |     2 |     6 |    23 |    16 ||    47
    Use: Potion            |       |     1 |     1 |     1 |     1 |       ||     4
         Scroll            |       |       |    16 |    11 |     9 |     6 ||    42
   Stab: Sleeping          |     1 |     3 |     7 |     4 |       |     4 ||    19
         Invisible         |       |     3 |    22 |     9 |       |       ||    34
         Confused          |       |       |       |    10 |     1 |       ||    11
         Paralysed         |       |       |       |       |     5 |     2 ||     7
 Armour: Robe              |     6 |    19 |    11 |    20 |    58 |    70 ||   184
         Steam dragon scal |       |       |    54 |    27 |       |       ||    81
  Dodge: Dodged            |    12 |    43 |   160 |   144 |    71 |    73 ||   503
         Repelled          |       |       |       |       |       |     3 ||     3

Table legend: (Time is in decaauts)
 A = Elapsed time spent in this place.
 B = Non-inter-level travel time spent in this place.
 C = Inter-level travel time spent in this place.
 D = Time resting spent in this place.
 E = Time spent auto-exploring this place.
 F = Levels seen in this place.
 G = Mean time per level.
                   A        B        C        D        E       F      G
               +--------+--------+--------+--------+--------+-----+--------+
         Total |  27825 |  26148 |   1677 |   1989 |  18661 |  28 |  993.8 |
       Dungeon |  14621 |  13450 |   1171 |    515 |  10306 |  15 |  974.7 |
        Temple |     30 |      3 |     27 |      0 |      0 |   1 |   30.0 |
          Lair |   5029 |   4915 |    114 |     17 |   3983 |   5 | 1005.8 |
  Orcish Mines |   2008 |   1934 |     74 |    117 |   1419 |   2 | 1004.0 |
        Depths |   5637 |   5348 |    289 |   1288 |   2703 |   4 | 1409.2 |
      Gauntlet |    498 |    498 |      0 |     51 |    249 |   1 |  498.0 |
               +--------+--------+--------+--------+--------+-----+--------+

Top non-repeatable levels by time:
Depths:2: 2176 daAuts
     D:4: 1782 daAuts
Depths:1: 1739 daAuts
    D:13: 1435 daAuts
   Orc:2: 1406 daAuts
  Lair:5: 1255 daAuts
    D:11: 1202 daAuts
     D:9: 1180 daAuts
     D:5: 1173 daAuts
  Lair:4: 1100 daAuts
Depths:3: 1080 daAuts
    D:10: 1035 daAuts
  Lair:3: 962 daAuts
  Lair:1: 938 daAuts
     D:1: 872 daAuts
